 Dungeon Crawl Stone Soup version 0.29-a0-383-g8b6f518c11 (webtiles) character file.

Game seed: 16342887404473387337

54 Kenran the Conjurer (level 3, -3/15 HPs)
             Began as a Felid Conjurer on May 6, 2022.
             Was an Initiate of Vehumet.
             Killed from afar by an orc wizard (9 damage)
             ... with a magic dart
             ... on level 4 of the Dungeon.
             The game lasted 00:08:52 (3740 turns).

Kenran the Conjurer (Felid Conjurer)                Turns: 3740, Time: 00:08:52

Health: -3/15      AC:  1    Str:  3    XL:     3   Next: 66%
Magic:  1/7        EV: 21    Int: 21    God:    Vehumet [......]
Gold:   138        SH:  0    Dex: 14    Spells: 0/6 levels left
                                        Lives:  0   Deaths: 1

rFire   . . .      SeeInvis +   (weapon unavailable)
rCold   . . .      Faith    .   (shield unavailable)
rNeg    . . .      Spirit   .   (body armour unavailable)
rPois   .          Reflect  .   (helmet unavailable)
rElec   .          Harm     .   (cloak unavailable)
rCorr   .          Rampage  .   (gloves unavailable)
Will    .....                   (boots unavailable)
Stlth   +++.......              (no amulet)
HPRegen 0.05/turn               e - +4 ring of evasion
MPRegen 0.10/turn               h - ring of wizardry

@: quick
A: very small, claws 1, fangs 3, see invisible, speed 1, shaggy fur 1, stealthy
paws, no weapons or thrown items, no armour, multi-lived
a: Renounce Religion


You were on level 4 of the Dungeon.
You worshipped Vehumet.
Vehumet was noncommittal.
You visited 1 branch of the dungeon, and saw 4 of its levels.

You collected 138 gold pieces.

Inventory:

Jewellery
 e - a +4 ring of evasion (left paw)
 h - a ring of wizardry (right paw)
Wands
 m - a wand of iceblast (2)
Scrolls
 b - 3 scrolls of magic mapping
 c - a scroll of teleportation
 d - a scroll of fog {unknown}
 n - a scroll of identify {@r1}
Potions
 a - 2 potions of magic
 f - a potion of might {unknown}
 g - 2 potions of flight {unknown}
 i - 3 potions of mutation {!q}
 j - a potion of haste {unknown}
 k - a potion of curing {unknown}
 l - a potion of lignification {unknown}


   Skills:
 - Level 1.0 Fighting
 - Level 3.0 Dodging
 - Level 4.0 Stealth
 + Level 2.0 Spellcasting
 * Level 4.9 Conjurations


You couldn't memorise any spells.
You knew the following spells:

 Your Spells              Type           Power      Damage    Failure   Level
a - Magic Dart            Conj           92%        1d7       1%          1
b - Searing Ray           Conj           46%        2d6       1%          2
c - Dazzling Flash        Conj/Hex       24%        N/A       6%          3

Your spell library contained the following spells:

 Spells                   Type           Power      Damage    Failure   Level
 Fulminant Prism          Conj/Hex       6%         3d7       21%         4
 Iskenderun's Mystic Bla  Conj/Tloc      12%        2d5       21%         4


Dungeon Overview and Level Annotations

Branches:
Dungeon (4/15)             Temple (0/1) D:4

Altars:
Ashenzari
Qazlal
Uskayaw
Vehumet

Shops:
D:1 *

Annotations:
D:2 pardi!, Pargi
D:3 2 transporters, Jessica


Innate Abilities, Weirdness & Mutations

You have sharp claws.
You have razor-sharp teeth.
You have supernaturally acute eyesight. (SInv)
You cover ground quickly. (Speed+)
You are covered in fur. (AC +1)
Your paws help you pounce on unaware monsters.
You are incapable of wielding weapons or throwing items.
You cannot wear armour.
You gain extra lives every three experience levels.


Message History

Vehumet accepts your kill.
An orc comes into view. It is wielding a +0 hand axe.
The magic dart hits the orc!
The orc is almost dead.
An orc wizard comes into view. It is wielding a +0 dagger.
The magic dart hits the orc but does no damage.
The orc is almost dead.
The magic dart hits the orc!
You kill the orc!
Vehumet accepts your kill.
The magic dart hits the orc wizard but does no damage.
The magic dart hits the orc wizard.
The orc wizard is moderately wounded.
The orc wizard casts a spell at you. You resist with some effort.
The magic dart hits the orc wizard.
The orc wizard is moderately wounded.
You are too depleted to draw on your mana recklessly!
The orc wizard barely misses you.
You barely miss the orc wizard.
The orc wizard is moderately wounded.
The orc wizard misses you.
The orc wizard shouts!
You scratch the orc wizard but do no damage.
The orc wizard is moderately wounded.
The orc wizard closely misses you.
You barely miss the orc wizard.
The orc wizard is moderately wounded.
The orc wizard casts a spell at you. The magic dart hits you.
You closely miss the orc wizard.
The orc wizard is moderately wounded.
The orc wizard hits you with a +0 dagger.
You closely miss the orc wizard.
The orc wizard is moderately wounded.
The orc wizard hits you with a +0 dagger.
The orc wizard gestures at you while chanting.
The magic dart hits you!
Ouch! That really hurt!
You die...

.. ## ... .#. .#.### ..
......$ .# ..
.P.....###.# .
..P.P.....)### #.
##..P>....o....### ..
#..#...P.P...@.:.....
...#..#..PP.P.#.........
>..#..#.##....o.........
...#.)..................
...#.##o#..o............
.....##.#.#####....###..
..............'....# .
#....o....#####....#
#....##.#...........


You could see an orc priest and 2 orc wizards.

Vanquished Creatures
  Ijyb (D:3)
  2 adders (D:2)
  2 worms (D:2)
  A dart slug (D:1)
  3 orcs
  7 ball pythons
  3 endoplasms
  2 giant cockroaches
  4 goblins
  6 hobgoblins
  3 jackals (D:2)
  10 kobolds
  3 quokkas
  2 frilled lizards
  3 rats
52 creatures vanquished.

Notes
Turn   | Place    | Note
-------+----------+-------------------------------------------
     0 | D:1      | Kenran the Felid Conjurer began the quest for the Orb.
     0 | D:1      | Reached XP level 1. HP: 7/7 MP: 4/4
   336 | D:1      | Found Olac's Assorted Antiques.
   501 | D:1      | Reached XP level 2. HP: 11/11 MP: 4/6
  1153 | D:1      | Learned a level 2 spell: Searing Ray
  1244 | D:2      | Reached skill level 1 in Fighting
  1249 | D:2      | Reached XP level 3. HP: 15/15 MP: 1/7
  1770 | D:2      | Found a faded altar of an unknown god.
  2051 | D:2      | Learned a level 3 spell: Dazzling Flash
  2057 | D:3      | Noticed Pargi
  2279 | D:3      | Found a hide-covered altar of Uskayaw.
  2301 | D:3      | Found a transporter.
  2309 | D:3      | Reached XP level 4. HP: 19/19 MP: 8/8
  2311 | D:3      | Found a transporter.
  2348 | D:3      | Noticed a kobold demonologist
  2456 | D:3      | Noticed Ijyb
  2457 | D:3      | Found a radiant altar of Vehumet.
  2496 | D:3      | Noticed Jessica
  2612 | D:3      | Killed Ijyb
  2751 | D:3      | Became a worshipper of Vehumet
  3088 | D:3      | Found a stormy altar of Qazlal.
  3239 | D:3      | Found a broken altar of Ashenzari.
  3726 | D:4      | Killed from afar by an orc priest
  3727 | D:4      | Reached XP level 3. HP: -1/15 MP: 4/7
  3727 | D:4      | Found a staircase to the Ecumenical Temple.
  3740 | D:4      | Killed from afar by an orc wizard

Illustrated notes

Levels and vault maps discovered:
D:1:      tarquinn_simple_flora_water_c, layout_loops_corners, serial_shops,
          shop, wad_floor_pattern_untrapped
D:2:      layout_rooms, hellmonk_ecumenical_altar_run_dry
D:3:      gammafunk_wand_slinger, layout_basic, mainiacjoe_overflow_boulevard,
          vehumet_crystals, mainiacjoe_overflow_cross_hatched,
          evilmike_ruin_ashenzari, roderic_roman_lattice, uniq_ijyb,
          uniq_jessica, uniq_pargi
D:4:      kennysheep_spiral_hall, layout_basic, tso_oasis_becter,
          lemuel_round_altar, minmay_temple_entry_overgrown

Skill      XL: |  1  2  3  4 |
---------------+-------------+-----
Stealth        | 3 4 |  4.0
Conjurations   | 4 |  4.9
Dodging        | 3 |  3.0
Fighting       | 1 |  1.0
Spellcasting   | |  2.0

Action                   |  1- 3 |  4- 6 || total
-------------------------+-------+-------++-------
Melee: Unarmed           |    12 |     7 ||    19
       Bite              |       |     1 ||     1
 Cast: Magic Dart        |    91 |    44 ||   135
       Searing Ray       |       |     2 ||     2
  Use: Scroll            |     3 |       ||     3
 Stab: Sleeping          |     3 |       ||     3
Armor: Skin              |     1 |     1 ||     2
Dodge: Dodged            |    20 |    12 ||    32

Table legend: (Time is in decaauts)
 A = Elapsed time spent in this place.
 B = Non-inter-level travel time spent in this place.
 C = Inter-level travel time spent in this place.
 D = Time resting spent in this place.
 E = Time spent auto-exploring this place.
 F = Levels seen in this place.
 G = Mean time per level.
                   A        B        C        D        E       F      G
               +--------+--------+--------+--------+--------+-----+--------+
         Total |   3281 |   3102 |    179 |    504 |   2068 |   4 |  820.2 |
       Dungeon |   3281 |   3102 |    179 |    504 |   2068 |   4 |  820.2 |
               +--------+--------+--------+--------+--------+-----+--------+

Top non-repeatable levels by time:
     D:3: 1211 daAuts
     D:1: 1014 daAuts
     D:2: 973 daAuts
     D:4: 82 daAuts
